 Dungeon Crawl Stone Soup version 0.28-a0-410-gbef64dd269 (webtiles) character file.

Game seed: 7946418945398632056

50 tatbarkley the Grave Robber (level 3, -2/28 HPs)
             Began as a Ghoul Necromancer on Sept 6, 2021.
             Slain by a worm (7 damage)
             ... on level 5 of the Dungeon.
             The game lasted 00:14:32 (1835 turns).

tatbarkley the Grave Robber (Ghoul Necromancer)     Turns: 1835, Time: 00:14:32

Health: -2/28      AC:  5    Str: 11    XL:     3   Next: 79%
Magic:  4/4        EV: 11    Int: 11    God:
Gold:   40         SH:  0    Dex:  9    Spells: 4/5 levels left

rFire   . . .      SeeInvis .   i - +0 whip
rCold   + . .      Faith    .   (no shield)
rNeg    + + +      Spirit   .   g - +0 leather armour
rPois   ∞          Reflect  .   p - +1 helmet
rElec   .          Harm     .   (no cloak)
rCorr   .          Rampage  .   (no gloves)
Will    .....                   (no boots)
Stlth   ++........              (no amulet)
HPRegen 0.00/turn               (no ring)
MPRegen 0.09/turn               (no ring)

@: inhibited regen
A: claws 1, cold resistance 1, negative energy resistance 3, inhibited
regeneration, torment resistance 2
a: no special abilities


You were on level 5 of the Dungeon.
You visited 1 branch of the dungeon, and saw 5 of its levels.

You collected 40 gold pieces.

Inventory:

Hand Weapons
 c - a +0 club
 e - a +0 club
 f - a +0 whip
 i - a +0 whip (weapon)
 l - a +0 flail
Missiles
 b - 52 stones
 o - 8 boomerangs
Armour
 a - a +0 robe
 g - a +0 leather armour (worn)
 p - a +1 helmet (worn)
Wands
 m - a wand of acid (13)
Scrolls
 d - a scroll of vulnerability {unknown}
 h - a scroll of teleportation {unknown}
 j - 3 scrolls of identify {unknown}
Potions
 k - 2 potions of flight {unknown}
 n - a potion of heal wounds {unknown}


   Skills:
 + Level 1.0 Fighting
 + Level 0.4 Maces & Flails
 + Level 0.3 Armour
 + Level 2.2 Dodging
 + Level 2.8 Stealth
 + Level 1.8 Spellcasting
 + Level 4.4 Necromancy


You had 4 spell levels left.
You knew the following spells:

 Your Spells              Type           Power      Damage    Failure   Level
a - Pain                  Necr           40%        1d6       6%          1

Your spell library contained the following spells:

 Spells                   Type           Power      Damage    Failure   Level
 Animate Skeleton         Necr           20%        N/A       6%          1
 Vampiric Draining        Necr           5%         2d6       19%         3
 Animate Dead             Necr           5%         N/A       54%         4
 Agony                    Necr           10%        N/A       87%         5


Dungeon Overview and Level Annotations

Branches:
Dungeon (5/15)
 Temple: D:4-7

Altars:


Innate Abilities, Weirdness & Mutations

You thrive by killing the living.
You are immune to poison.
You have sharp fingernails.
Your flesh is cold resistant. (rC+)
You are immune to negative energy. (rN+++)
You do not regenerate when monsters are visible.
You are immune to unholy pain and torment.


Message History

The worm is lightly wounded.
The worm misses you.
You hit the worm.
The worm is lightly wounded.
The worm bites you.
You barely miss the worm.
The worm is lightly wounded.
You hit the worm but do no damage.
The worm is lightly wounded.
The worm barely misses you.
You hit the worm but do no damage.
The worm is lightly wounded.
The worm bites you.
You hit the worm.
The worm is lightly wounded.
You hit the worm.
The worm is lightly wounded.
The worm closely misses you.
You hit the worm.
The worm is heavily wounded.
The worm closely misses you.
You hit the worm.
The worm is heavily wounded.
You completely miss the worm.
The worm is heavily wounded.
The worm bites you!
You barely miss the worm.
The worm is moderately wounded.
The worm bites you.
* * * LOW HITPOINT WARNING * * *
You hit the worm but do no damage.
The worm is moderately wounded.
You barely miss the worm.
The worm is moderately wounded.
The worm bites you.
* * * LOW HITPOINT WARNING * * *
You hit the worm but do no damage.
The worm is moderately wounded.
The worm bites you!
You die...

##......##
#........##
.....$....##
)..........
..........#
!.........#####
............!..
#......@w######[.
................#
..........#####
..........#
..........#
..........#
..........#
#........##
##......#####


You could see a worm.

Vanquished Creatures
  A hound skeleton (D:4)
  2 adders (D:3)
  4 bats
  A giant cockroach (D:2)
  A goblin (D:2)
  3 hobgoblins
  A quokka (D:2)
  3 ball pythons (D:2)
  A kobold (D:2)
  2 rats
19 creatures vanquished.

Vanquished Creatures (others)
  5 toadstools (D:1)
5 creatures vanquished.

Grand Total: 24 creatures vanquished

Notes
Turn   | Place    | Note
-------+----------+-------------------------------------------
     0 | D:1      | tatbarkley the Ghoul Necromancer began the quest for the
                  | Orb.
     0 | D:1      | Reached XP level 1. HP: 14/14 MP: 2/2
   375 | D:2      | Reached XP level 2. HP: 8/20 MP: 3/3
   383 | D:2      | HP: 1/22 [rat (1)]
  1305 | D:3      | Reached XP level 3. HP: 10/27 MP: 4/4
  1794 | D:4      | Reached skill level 1 in Fighting
  1798 | D:5      | Entered Level 5 of the Dungeon
  1835 | D:5      | Slain by a worm

Illustrated notes

Levels and vault maps discovered:
D:1:      ldierk_walled_garden, layout_basic, minmay_misc_feat_doors
D:2:      layout_basic, serial_shops, shop, grunt_decor_clamped
D:3:      layout_basic, serial_shops, nicolae_square_shop
D:4:      layout_basic, mainiacjoe_overflow_big_doors,
          kennysheep_generic_room_14
D:5:      layout_rooms, nicolae_ashenzari_skybound

Skill      XL: |  1  2  3 |
---------------+----------+-----
Dodging        | 2 |  2.2
Fighting       | 1 |  1.0
Maces & Flails | |  0.4
Armour         | |  0.3
Stealth        | |  2.8
Spellcasting   | |  1.8
Necromancy     | |  4.4

Action                   || total
-------------------------++-------
Melee: Club              ||    37
       Unarmed           ||     3
       Whip              ||    62
 Cast: Pain              ||     4
 Stab: Sleeping          ||     2
Armor: Robe              ||    14
       Leather armour    ||    11
Dodge: Dodged            ||    80

Table legend: (Time is in decaauts)
 A = Elapsed time spent in this place.
 B = Non-inter-level travel time spent in this place.
 C = Inter-level travel time spent in this place.
 D = Time resting spent in this place.
 E = Time spent auto-exploring this place.
 F = Levels seen in this place.
 G = Mean time per level.
                   A        B        C        D        E       F      G
               +--------+--------+--------+--------+--------+-----+--------+
         Total |   1849 |   1849 |      0 |    833 |    556 |   5 |  369.8 |
       Dungeon |   1849 |   1849 |      0 |    833 |    556 |   5 |  369.8 |
               +--------+--------+--------+--------+--------+-----+--------+

Top non-repeatable levels by time:
     D:2: 906 daAuts
     D:3: 589 daAuts
     D:1: 242 daAuts
     D:4: 72 daAuts
     D:5: 37 daAuts
